AoeStats
← martijn

Oasis

509856352Analyzed
4v4 RM · 2d ago on Sep 28, 2026· 43m 15s· 8 players
Game mode
Random Map
Map size
Large (8 player)
Population
200
Speed
Normal
Resources
Standard
Victory
Conquest
Starting age
Dark Age
Ending age
Imperial Age
RankedLock teamsTeams togetherTeam positionsShared explorationLock speedFull tech treeHidden civsTurbo modeCheats
Victory
Defeat
🇨🇳 Franks · China
1015
+15
🇳🇱 Khmer · Netherlands
984
+16
🇪🇸 Mongols · Spain
979
+17
🇬🇧 Inca · United Kingdom
969
+17
🇭🇰 Poles · Hong Kong SAR China
1032
-17
🇨🇳 Persians · China
1024
-18
🇮🇳 Ethiopians · India
957
-15
🇨🇳 Franks · China
957
-15
martijn
11:40 Feudal Age
14:43 Castle Age
13:11 Double-Bit Axe
13:40 Horse Collar
20:03 Heavy Plow
20:51 Bow Saw
21:25 Stone Mining
24:34 Bloodlines
24:30 Loom
25:21 Wheelbarrow
25:19 Gold Mining
28:32 Gold Shaft Mining
27:59 Pikeman
Rey_Pablium
9:35 Loom
11:21 Feudal Age
14:25 Forging
16:52 Scale Barding Armor
22:01 Wheelbarrow
24:48 Castle Age
五彩斑斓的黑
11:36 Feudal Age
9:52 Loom
16:59 Castle Age
16:49 Double-Bit Axe
18:39 Bow Saw
24:43 Wheelbarrow
27:40 Scale Mail Armor
27:51 Forging
31:20 Imperial Age
29:05 Squires
28:35 Pikeman
29:58 Husbandry
31:11 Scale Barding Armor
31:41 Iron Casting
32:14 Chain Mail Armor
32:22 Chain Barding Armor
32:28 Cavalier
34:31 Blast Furnace
36:56 Paladin
41:01 Plate Barding Armor
42:34 Fortified Wall
Horahlooks
9:45 Loom
9:56 Loom
12:26 Feudal Age
16:34 Castle Age
14:44 Horse Collar
15:37 Double-Bit Axe
17:36 Bow Saw
20:04 Town Watch
25:13 Wheelbarrow
25:19 Pikeman
26:00 Scale Mail Armor
26:11 Forging
26:04 Squires
25:39 Champi Runner
27:27 Squires
27:47 Chain Mail Armor
28:07 Iron Casting
iamlegolas312
0:27 Loom
11:25 Feudal Age
12:06 Double-Bit Axe
12:49 Gold Mining
14:43 Horse Collar
19:39 Fletching
19:49 Padded Archer Armor
25:30 Castle Age
23:41 Forging
25:33 Crossbowman
26:10 Bodkin Arrow
26:25 Thumb Ring
27:51 Leather Archer Armor
28:31 Heavy Plow
28:29 Stone Mining
29:20 Gold Shaft Mining
31:22 Wheelbarrow
30:35 Town Watch
31:14 Bow Saw
33:13 Iron Casting
32:39 Scale Mail Armor
33:14 Hand Cart
33:23 Royal Heirs
37:23 Chain Mail Armor
41:53 Imperial Age
42:58 Halberdier
品哥揍老外
11:30 Feudal Age
17:12 Double-Bit Axe
17:10 Horse Collar
19:51 Castle Age
18:18 Padded Archer Armor
18:09 Fletching
18:25 Scale Barding Armor
18:37 Gold Mining
18:46 Stone Mining
26:38 Imperial Age
26:09 Forging
28:16 Conscription
29:28 Wheelbarrow
28:40 Loom
28:41 Town Watch
29:40 Bow Saw
169198821
4:31 Loom
11:35 Feudal Age
13:03 Wheelbarrow
12:34 Horse Collar
21:01 Castle Age
20:57 Double-Bit Axe
24:22 Heavy Plow
27:09 Imperial Age
29:11 Crop Rotation
蒜头
0:53 Loom
13:06 Feudal Age
13:47 Double-Bit Axe
14:21 Gold Mining
21:34 Castle Age
20:56 Scale Barding Armor
21:03 Forging
22:46 Chain Barding Armor
29:15 Iron Casting
Connection lost

Rejoining the realm…

Still unreachable

The connection could not be restored.

Session expired

The server has moved on; the page needs a fresh start.